 Dungeon Crawl Stone Soup version 0.18-a0-9-gd4dcb6f (webtiles) character file.

1606 Ordine the Thaumaturge (level 8, 0/41 HPs)
             Began as a Deep Elf Air Elementalist on Nov 1, 2015.
             Was an Initiate of Vehumet.
             Slain by an orc warrior
             ... wielding a +0 mace
              (19 damage)
             ... on level 6 of the Dungeon.
             The game lasted 00:22:03 (5395 turns).

Ordine the Thaumaturge (Deep Elf Air Elementalist)  Turns: 5395, Time: 00:22:03

Health: 0/41       AC:  7    Str:  5    XL:     8   Next: 63%
Magic:  12/22      EV: 14    Int: 23    God:    Vehumet [......]
Gold:   107        SH:  0    Dex: 15    Spells: 5 memorised, 11 levels left

rFire  . . .     SeeInvis .     m - +3 dagger (venom)
rCold  . . .     Clarity  .     a - +0 robe
rNeg   . . .     SustAt   .     (no shield)
rPois  .         Gourm    .     (no helmet)
rElec  .         Spirit   .     C - +0 cloak
rCorr  .         Warding  .     d - +2 pair of gloves
rMut   .         Stasis   .     h - +0 pair of boots
MR     +....                    (no amulet)
Stlth  ++........               (no ring)
                                l - ring of protection from magic

@: very slightly contaminated, repel missiles, somewhat resistant to hostile
enchantments, unstealthy
A: no striking features
a: Renounce Religion


You were on level 6 of the Dungeon.
You worshipped Vehumet.
Vehumet was noncommittal.
You were not hungry.

You visited 2 branches of the dungeon, and saw 7 of its levels.

You collected 323 gold pieces.
You spent 216 gold pieces at shops.

Inventory:

Hand Weapons
 m - a +3 dagger of venom (weapon)
Armour
 a - a +0 robe (worn)
 d - a +2 pair of gloves (worn)
 h - a +0 pair of boots (worn)
 C - a +0 cloak (worn)
Jewellery
 l - a ring of protection from magic (left hand)
 t - an uncursed ring of teleportation
Wands
 p - a wand of cold (10)
 r - a wand of heal wounds (6)
Scrolls
 g - 4 scrolls of amnesia
 n - a scroll of magic mapping
 s - a scroll of recharging
 v - 2 scrolls of teleportation
 w - a scroll of fear
 y - a scroll of remove curse
Potions
 e - a potion of haste
 i - 7 potions of curing
 j - 2 potions of heal wounds
 o - a potion of might
 u - a potion of cancellation
 x - a potion of invisibility
 z - a potion of brilliance
Books
 b - a book of Air

   Spells                             Type                      Level
   a - Shock                          Conjuration/Air              1
   b - Swiftness                      Charms/Air                   2
   c - Repel Missiles                 Charms/Air                   2
   d - Static Discharge               Conjuration/Air              3
   e - Lightning Bolt                 Conjuration/Air              5
Comestibles
 c - 7 bread rations
 f - a slice of pizza
 k - 6 fruits
 A - a beef jerky


   Skills:
 + Level 4.2 Dodging
 - Level 2.4 Stealth
 * Level 8.9 Spellcasting
 + Level 5.3 Conjurations
 + Level 4.5 Charms
 + Level 5.8 Air Magic
 + Level 3.0 Evocations


You had 11 spell levels left.
You knew the following spells:

 Your Spells              Type           Power        Failure   Level  Hunger
a - Shock                 Conj/Air       ####         1%          1    None
b - Static Discharge      Conj/Air       #####...     1%          3    None
c - Lightning Bolt        Conj/Air       #####.....   21%         5    ####...
e - Repel Missiles        Chrm/Air       ####..       1%          2    None
f - Swiftness             Chrm/Air       ####....     1%          2    None


Dungeon Overview and Level Annotations

Branches:
Dungeon (6/15)             Temple (1/1) D:5

Altars:
Ashenzari
Cheibriados
Elyvilon
Fedhas
Gozag
Kikubaaqudgha
Makhleb
Nemelex Xobeh
Okawaru
Qazlal
Ru
Sif Muna
Trog
Vehumet
Xom
Yredelemnul
Zin

Shops:
D:4 !


Message History

Confirm with . or Enter, or press ? or * to list all spells.
Aiming: Shock
Press: ? - help, Shift-Dir - straight line, f/p - orc warrior
Aim: an orc warrior, wielding a mace and wearing a chain mail (heavily wounded) That beam is likely to hit you.
Continue anyway?
The zap misses the orc warrior.
The zap hits the orc warrior.
The orc warrior is severely wounded.
The zap hits you! The orc warrior hits you with a mace.
Casting: Shock
Confirm with . or Enter, or press ? or * to list all spells.
Aiming: Shock
Press: ? - help, Shift-Dir - straight line, f/p - orc warrior
Aim: an orc warrior, wielding a mace and wearing a chain mail (severely wounded) That beam is likely to hit you.
Continue anyway?
The zap hits the orc warrior.
The orc warrior appears unharmed.
The orc warrior is severely wounded.
The zap hits the orc warrior.
The orc warrior is almost dead.
The zap misses you. The orc warrior hits you with a mace!!
You die...

#)# #.# ### #)#
#.. #)# #.# #)#
#.# # #.# #.# .#
#.# #.###.#####
#.####.........>
#.o@.......#
######..####
#..# #).########
#..........
#.......(..
#####..########
#......#
#.###.##


You could see an orc warrior.

Vanquished Creatures
  The ghost of Hedron the Martial Artist, a novice OpMo (D:6)
  Edmund (D:4)
  An ogre (D:5)
  2 phantoms
  2 centaurs (D:5)
  A scorpion (D:6)
  3 wights (D:6)
  An orc priest (D:4)
  2 crimson imps
  An iguana (D:4)
  3 hounds
  A worker ant (D:4)
  3 orc wizards
  2 worker ant zombies (D:5)
  9 adders
  3 adder skeletons (D:5)
  A worm (D:2)
  3 giant geckos
  18 orcs
  4 giant cockroaches
  11 goblins
  6 hobgoblins
  8 kobolds
  2 ball pythons (D:5)
  11 bats
  2 giant newts
  A hobgoblin zombie (D:6)
  5 jackals
  A kobold zombie (D:6)
  An orc skeleton (D:6)
  An orc zombie (D:6)
  2 quokkas
  6 rats
119 creatures vanquished.

Notes
Turn   | Place    | Note
--------------------------------------------------------------
     0 | D:1      | Ordine the Deep Elf Air Elementalist began the quest for the Orb.
     0 | D:1      | Reached XP level 1. HP: 10/10 MP: 6/6
   297 | D:1      | Reached XP level 2. HP: 15/15 MP: 2/8
   372 | D:1      | Learned a level 2 spell: Repel Missiles
   375 | D:1      | Learned a level 2 spell: Swiftness
   798 | D:2      | Found an ancient bone altar of Kikubaaqudgha.
   798 | D:2      | Found a basalt altar of Yredelemnul.
   824 | D:2      | Found a glowing silver altar of Zin.
   871 | D:2      | Found a shattered altar of Ashenzari.
   871 | D:2      | Found a snail-covered altar of Cheibriados.
  1067 | D:2      | Found an opulent altar of Gozag.
  1087 | D:2      | Reached XP level 3. HP: 19/19 MP: 7/10
  1092 | D:2      | Learned a level 3 spell: Static Discharge
  1118 | D:2      | Reached skill level 4 in Spellcasting
  1505 | D:2      | Found a deep blue altar of Sif Muna.
  1856 | D:3      | Reached XP level 4. HP: 18/24 MP: 0/12
  2323 | D:3      | Reached skill level 5 in Spellcasting
  2539 | D:3      | Reached XP level 5. HP: 16/28 MP: 10/14
  2712 | D:3      | Learned a level 5 spell: Lightning Bolt
  3012 | D:4      | Noticed Edmund
  3020 | D:4      | Killed Edmund
  3020 | D:4      | Reached skill level 6 in Spellcasting
  3020 | D:4      | Reached XP level 6. HP: 21/32 MP: 9/17
  3140 | D:4      | Noticed a phantom
  3149 | D:4      | Killed a phantom
  3277 | D:4      | Found Naaronymm's Distillery.
  3281 | D:4      | Bought a potion of curing for 36 gold pieces
  3281 | D:4      | Bought a potion of invisibility for 96 gold pieces
  3281 | D:4      | Bought a potion of brilliance for 48 gold pieces
  3281 | D:4      | Bought a potion of lignification for 36 gold pieces
  3480 | D:4      | Found a sacrificial altar of Ru.
  3630 | D:5      | Entered Level 5 of the Dungeon
  3642 | D:5      | Reached XP level 7. HP: 34/36 MP: 12/19
  3699 | D:5      | Reached skill level 7 in Spellcasting
  3699 | D:5      | Reached skill level 1 in Charms
  3699 | D:5      | Reached skill level 5 in Air Magic
  3756 | D:5      | Reached skill level 1 in Evocations
  3889 | D:5      | Found a staircase to the Ecumenical Temple.
  3896 | Temple   | Entered the Ecumenical Temple
  3965 | Temple   | Became a worshipper of Vehumet
  4130 | D:5      | Found a stormy altar of Qazlal.
  4663 | D:6      | Noticed Hedron's ghost (novice OpMo)
  4671 | D:6      | Killed Hedron's ghost
  4671 | D:6      | Reached skill level 8 in Spellcasting
  4671 | D:6      | Reached skill level 5 in Conjurations
  4671 | D:6      | Reached XP level 8. HP: 23/41 MP: 3/22
  5395 | D:6      | Slain by an orc warrior

Vault maps used:
D:1:      lemuel_arrival_broad_hall
D:2:      nicolae_overflow_crystal_walls, overflow_temple_1_default,
          nicolae_overflow_quartered_altars, first_bread,
          grunt_gozag_breadcrumbs
D:4:      kennysheep_mini_moat, serial_shops, shop, uniq_edmund
D:5:      nicolae_qazlal_eye_of_the_storm, minmay_temple_entry_nine_rooms,
          minmay_bad_closet
D:6:      nicolae_tso_besieged_by_evil
Temple:   nicolae_temple_figure_zero

Action                   |  1- 3 |  4- 6 |  7- 9 || total
-------------------------+-------+-------+-------++-------
Melee: Dagger            |     4 |       |     1 ||     5
 Cast: Shock             |    87 |    82 |   141 ||   310
       Repel Missiles    |     1 |     1 |       ||     2
       Static Discharge  |       |       |     6 ||     6
  Use: Scroll            |     9 |     9 |     5 ||    23
  Eat: Chunk             |     2 |     6 |     5 ||    13
